 Dungeon Crawl Stone Soup version 0.23-a0-650-ga4d50d4 (console) character file.

70 Duffy the Firebug (level 4, 30/30 HPs)
             Began as a Demonspawn Fire Elementalist on Jan 4, 2019.
             Quit the game on level 2 of the Dungeon.
             The game lasted 00:01:32 (1692 turns).

Duffy the Firebug (Demonspawn Fire Elementalist)    Turns: 1692, Time: 00:01:33

Health: 30/30      AC:  2    Str:  9    XL:     4   Next: 4%
Magic:  4/8        EV: 12    Int: 17    God:
Gold:   52         SH:  0    Dex: 16    Spells: 4/8 levels left

rFire    . . .     SeeInvis .   (no weapon)
rCold    . . .     Gourm    .   (no shield)
rNeg     . . .     Faith    .   a - +0 robe
rPois    .         Spirit   .   (no helmet)
rElec    .         Reflect  .   (no cloak)
rCorr    .         Harm     .   (no gloves)
MR       .....                  (no boots)
Stlth    ++........             (no amulet)
HPRegen  1.10/turn              b - +3 ring of dexterity
MPRegen  0.11/turn              (no ring)

@: no status effects
A: powered by death 2, spiny 1
a: no special abilities


You were on level 2 of the Dungeon.
You were not hungry.

You visited 1 branch of the dungeon, and saw 2 of its levels.

You collected 52 gold pieces.

Inventory:

Armour
 a - a +0 robe (worn)
Jewellery
 b - a +3 ring of dexterity (left hand)
Scrolls
 f - a scroll of amnesia {unknown}
 h - a scroll of immolation {unknown}
 k - a scroll of identify {unknown}
 m - 2 scrolls of remove curse {unknown}
 n - a scroll of fog {unknown}
Potions
 d - a potion of degeneration {unknown}
 e - a potion of flight {unknown}
 g - a potion of curing {unknown}
 i - 2 potions of resistance {unknown}
 j - a potion of mutation {unknown}
Comestibles
 c - 3 rations
 l - 4 chunks of flesh


   Skills:
 - Level 1.7 Dodging
 - Level 1.7 Stealth
 + Level 2.8 Spellcasting
 + Level 2.3 Conjurations
 + Level 3.3 Fire Magic


You had 4 spell levels left.
You knew the following spells:

 Your Spells              Type           Power        Failure   Level  Hunger
h - Flame Tongue          Conj/Fire      ##...        5%          1    #......
l - Conjure Flame         Conj/Fire      ##......     17%         3    ###....

Your spell library contained the following spells:

 Spells                   Type           Power        Failure   Level  Hunger
 Throw Flame              Conj/Fire      ##....       9%          2    ##.....
 Inner Flame              Hex/Fire       #.......     26%         3    ###....
 Sticky Flame             Conj/Fire      ##......     50%         4    #####..
 Fireball                 Conj/Fire      ##........   83%         5    ######.


Dungeon Overview and Level Annotations

Branches:
Dungeon (2/15)

Altars:


Innate Abilities, Weirdness & Mutations

You regenerate health from kills.
You are partially covered in sharp spines.


Message History

The flame tongue hits the ooze.
The ooze is heavily wounded.
Casting: Flame Tongue (safe; 5% risk of failure)
Confirm with . or Enter, or press ? or * to list all spells.
Aiming: Flame Tongue (safe; 5% risk of failure)
Press: ? - help, Shift-Dir - straight line, f/p - ooze
Aim: an ooze (heavily wounded)
The flame tongue hits the ooze.
The ooze appears unharmed.
The ooze is heavily wounded.
Casting: Flame Tongue (safe; 5% risk of failure)
Confirm with . or Enter, or press ? or * to list all spells.
Aiming: Flame Tongue (safe; 5% risk of failure)
Press: ? - help, Shift-Dir - straight line, f/p - ooze
Aim: an ooze (heavily wounded)
The flame tongue hits the ooze.
You kill the ooze!
You have reached level 4!
You feel stronger.
Your demonic ancestry asserts itself...
Sharp spines emerge from parts of your body.
Are you sure you want to abandon this character and quit the game? (Confirm

.....# ....>.#
..^.... .......
.......
.......#############
............@.......
........############
.. ........#### ..
<..........## #.
.......###..####
###. .......
##....### #.. .#
....... ####...###.#
.. ......# ###...#.#
#.# .....# ###...#
..


There were no monsters in sight!

Vanquished Creatures
  3 adders (D:2)
  An ooze (D:2)
  2 dart slugs
  3 leopard geckos
  4 goblins
  7 hobgoblins (D:1)
  3 jackals (D:1)
  A kobold (D:1)
  A ball python (D:1)
  A bat (D:1)
  A frilled lizard (D:1)
  6 rats
33 creatures vanquished.

Notes
Turn   | Place    | Note
-------+----------+-------------------------------------------
     0 | D:1      | Duffy the Demonspawn Fire Elementalist began the quest for
                  | the Orb.
     0 | D:1      | Reached XP level 1. HP: 13/13 MP: 3/3
   392 | D:1      | Gained mutation: You regenerate a little health from kills.
                  | [demonic ancestry]
   392 | D:1      | Reached XP level 2. HP: 19/19 MP: 1/5
   794 | D:1      | Reached skill level 3 in Fire Magic
  1329 | D:2      | Gained mutation: You regenerate health from kills. [demonic
                  | ancestry]
  1329 | D:2      | Reached XP level 3. HP: 21/24 MP: 3/6
  1338 | D:1      | Learned a level 3 spell: Conjure Flame
  1691 | D:2      | Gained mutation: You are partially covered in sharp spines.
                  | [demonic ancestry]
  1691 | D:2      | Reached XP level 4. HP: 30/30 MP: 4/8
  1692 | D:2      | Quit the game

Vault maps used:
D:1:      matt_arrival_refuge
D:2:      minmay_misc_feat_square

Skill      XL: |  1  2  3 |
---------------+----------+-----
Fire Magic     | 3 |  3.3
Conjurations   | 2 |  2.3
Dodging        | |  1.7
Stealth        | |  1.7
Spellcasting   | |  2.8

Action                   |  1- 3 |  4- 6 || total
-------------------------+-------+-------++-------
 Cast: Flame Tongue      |    68 |     1 ||    69
  Eat: Chunk             |     3 |       ||     3
Armor: Robe              |     2 |       ||     2
Dodge: Dodged            |    16 |       ||    16

Table legend:
 A = Non-vault XP
 B = Vault XP
 C = Vault XP percentage of total XP
 D = Non-vault monster count
 E = Vault monster count
 F = Vault count percentage of total count
                 A         B        C        D         E       F
            +---------+---------+-------+---------+---------+-------
      Total |     101 |       0 |   0.0 |      33 |       0 |   0.0
            +---------+---------+-------+---------+---------+-------
        D:1 |      40 |       0 |   0.0 |      22 |       0 |   0.0
        D:2 |      61 |       0 |   0.0 |      11 |       0 |   0.0
            +---------+---------+-------+---------+---------+-------
